 Dungeon Crawl Stone Soup version 0.21.1-1-g345015f (webtiles) character file.

511 twistedcrescendo the Cudgeler (level 6, -4/60 HPs)
             Began as a Minotaur Berserker on June 27, 2018.
             Was a Priest of Trog.
             Slain by an orc
             ... wielding a +0 trident
              (7 damage)
             ... on level 4 of the Dungeon.
             The game lasted 00:15:06 (2580 turns).

twistedcrescendo the Cudgeler (Minotaur Berserker)  Turns: 2580, Time: 00:15:07

Health: -4/60      AC: 10    Str: 23    XL:     6   Next: 99%
Magic:  5/5        EV: 11    Int:  4    God:    Trog [***...]
Gold:   132        SH:  0    Dex: 12    Spells: 5/5 levels left

rFire    . . .     SeeInvis .   a - +0 mace
rCold    + . .     Gourm    .   (no shield)
rNeg     . . .     Faith    .   b - +3 scale mail {MR+}
rPois    .         Spirit   .   (helmet restricted)
rElec    .         Reflect  .   x - +0 cloak
rCorr    .         Harm     .   (no gloves)
MR       +....                  (no boots)
Stlth    ..........             (no amulet)
HPRegen  0.20/turn              l - ring of protection from cold
MPRegen  0.09/turn              m - +2 ring of strength

@: lethally poisoned (-4 -> -21), berserk cooldown, slowed, very slow
A: retaliatory headbutt, horns 2
a: Berserk, Trog's Hand, Burn Spellbooks, Renounce Religion


You were on level 4 of the Dungeon.
You worshipped Trog.
Trog was most pleased with you.
You were very hungry.

You visited 1 branch of the dungeon, and saw 4 of its levels.

You collected 132 gold pieces.

Inventory:

Hand Weapons
 a - a +0 mace (weapon)
 q - a +0 hunting sling
Armour
 b - a +3 scale mail of magic resistance (worn)
 x - a +0 cloak (worn)
 C - a +0 scale mail of cold resistance
Jewellery
 i - a cursed ring of teleportation {unknown}
 l - a ring of protection from cold (left hand)
 m - a +2 ring of strength (right hand)
Wands
 f - a wand of flame (31)
 o - a wand of disintegration (8)
 v - a wand of acid (6)
 z - a wand of clouds (8)
 A - a wand of iceblast (10)
Scrolls
 d - 2 scrolls of remove curse
 k - a scroll of noise {unknown}
 w - a scroll of fear {unknown}
 y - 2 scrolls of teleportation {unknown}
 D - a scroll of amnesia {unknown}
Potions
 e - a potion of haste
 g - a potion of curing
 h - a potion of heal wounds {unknown}
 j - a potion of flight
 n - a potion of resistance
 p - 2 potions of agility
 r - a potion of degeneration {unknown}
 s - a potion of lignification {unknown}
 t - a potion of might {unknown}
 B - a potion of berserk rage {unknown}
Comestibles
 c - 7 rations
 u - 3 chunks of flesh


   Skills:
 + Level 7.0 Fighting
 + Level 7.1 Maces & Flails
 - Level 2.8 Armour
 - Level 2.6 Dodging


You had 5 spell levels left.
You didn't know any spells.

Dungeon Overview and Level Annotations

Branches:
Dungeon (4/15)
 Temple: D:4-7

Altars:
Elyvilon
Okawaru


Innate Abilities, Weirdness & Mutations

You reflexively headbutt those who attack you in melee.
You have a pair of horns on your head.


Message History

You are exhausted.
You feel yourself slow down.
* * * LOW HITPOINT WARNING * * *
You feel sick. The orc barely misses you.
Items here: ))) [[ † You closely miss the orc.
You headbutt the orc, but do no damage.
* * * LOW HITPOINT WARNING * * *
You feel very sick. The orc hits you but does no damage.
You hit the orc but do no damage.
* * * LOW HITPOINT WARNING * * *
You feel very sick. The orc hits you with a trident.
* * * LOW HITPOINT WARNING * * *
You hit the orc.
The orc is severely wounded.
* * * LOW HITPOINT WARNING * * *
You feel very sick. The orc closely misses you.
The orc hits you with a trident!
You die...

.#.#............##
.................#
###..............#
#..............#
#..............# .
#..............#
...#..<.........)#
##...<.........#)#
#........######@#
#........# #...o....#
#........# #........#
..........# #........#
.#...................#
...........##......?.#
#########.........$..#
..........#


You could see an orc.

Vanquished Creatures
  The ghost of HedoNNN the Skirmisher, an amateur HOMo (D:3)
  An orc priest (D:4)
  5 orc wizards
  Jessica (D:2)
  Natasha (thrice) (D:2)
  Ijyb (D:3)
  Robin (D:2)
  An adder (D:2)
  2 oozes (D:1)
  2 leopard geckos (D:2)
  21 orcs
  2 giant cockroaches
  11 goblins
  6 hobgoblins
  3 jackals (D:2)
  3 quokkas (D:3)
  3 bats
  4 frilled lizards
  7 kobolds
  7 rats
85 creatures vanquished.

Notes
Turn   | Place    | Note
-------+----------+-------------------------------------------
     0 | D:1      | twistedcrescendo the Minotaur Berserker began the quest for the Orb.
     0 | D:1      | Reached XP level 1. HP: 19/19 MP: 0/0
    68 | D:1      | Reached XP level 2. HP: 24/27 MP: 1/1
   644 | D:2      | Noticed Natasha
   654 | D:2      | Killed Natasha
   654 | D:2      | Reached XP level 3. HP: 24/34 MP: 2/2
   782 | D:2      | Reached XP level 4. HP: 37/41 MP: 3/3
   802 | D:2      | Reached ** piety under Trog
  1058 | D:2      | Noticed Robin
  1069 | D:2      | Killed Robin
  1114 | D:2      | Noticed Natasha
  1120 | D:2      | Killed Natasha
  1120 | D:2      | Reached skill level 5 in Fighting
  1120 | D:2      | Reached skill level 5 in Maces & Flails
  1298 | D:2      | Noticed Jessica
  1305 | D:2      | Killed Jessica
  1305 | D:2      | Reached XP level 5. HP: 33/48 MP: 4/4
  1570 | D:2      | Noticed Natasha
  1579 | D:2      | Killed Natasha
  1684 | D:3      | Noticed HedoNNN's ghost (amateur HOMo)
  1693 | D:3      | Killed HedoNNN's ghost
  1778 | D:3      | Reached XP level 6. HP: 47/57 MP: 5/5
  1802 | D:3      | Found an iron altar of Okawaru.
  1873 | D:3      | Noticed Ijyb
  1896 | D:3      | Killed Ijyb
  1917 | D:3      | Found a white marble altar of Elyvilon.
  2205 | D:3      | Reached *** piety under Trog
  2580 | D:4      | HP: 3/60 [poisoned by an orc wizard]
  2580 | D:4      | Slain by an orc

Skill      XL: |  1  2  3  4  5  6 |
---------------+-------------------+-----
Fighting       | 4 5 6 7 |  7.0
Maces & Flails | 4 5 6 7 |  7.1
Armour         | |  2.8
Dodging        | |  2.6

Action                   |  1- 3 |  4- 6 || total
-------------------------+-------+-------++-------
Melee: Mace              |    45 |   149 ||   194
       Headbutt          |     5 |    33 ||    38
Invok: Berserk           |       |     2 ||     2
  Use: Scroll            |     2 |     3 ||     5
       Potion            |       |     1 ||     1
  Eat: Chunk             |       |     6 ||     6
Armor: Animal skin       |     2 |       ||     2
       Scale mail        |     7 |    55 ||    62
Dodge: Dodged            |    29 |    81 ||   110
